AoeStats
← kichakick98

Black Forest

506678951Analyzed
4v4 RM · 16d ago on Sep 14, 2026· 56m 22s· 8 players
Game mode
Random Map
Map size
Large (8 player)
Population
200
Speed
Normal
Resources
Standard
Victory
Conquest
Starting age
Dark Age
Ending age
Imperial Age
RankedLock teamsTeams togetherTeam positionsShared explorationLock speedFull tech treeHidden civsTurbo modeCheats
Victory
Defeat
🇷🇴 Bengalis · Romania
822
+15
🇪🇸 Spanish · Spain
804
+15
🇩🇪 Goths · Germany
799
+15
🇲🇽 Jurchens · Mexico
775
+16
🇮🇳 Franks · India
800
-16
🇹🇼 Turks · Taiwan
794
-15
🇻🇳 Dravidians · Vietnam
785
-15
🇻🇳 Britons · Vietnam
775
-15
h1590
0:26 Loom
12:50 Feudal Age
21:22 Castle Age
21:02 Double-Bit Axe
21:00 Horse Collar
24:33 Scale Barding Armor
26:44 Bloodlines
27:00 Chain Barding Armor
29:11 Forging
36:42 Imperial Age
34:22 Town Watch
35:07 Gold Mining
37:36 Wheelbarrow
39:46 Conscription
40:36 Bow Saw
40:28 Heavy Plow
41:24 Hand Cart
42:31 Artillery
45:41 Fishing Lines
46:42 Gold Shaft Mining
47:16 Plate Barding Armor
50:09 Caravan
53:06 Elite Janissary
54:23 Ballistics
53:44 Treadmill Crane
56:19 Padded Archer Armor
56:09 Fletching
dinhnv.mr
5:15 Loom
14:14 Feudal Age
14:55 Double-Bit Axe
14:55 Horse Collar
15:10 Gold Mining
22:06 Castle Age
19:53 Town Watch
20:39 Arson
20:14 Man-at-Arms
22:38 Stone Mining
23:54 Coinage
23:25 Caravan
23:45 Heavy Plow
24:15 Bow Saw
25:06 Gold Shaft Mining
26:13 Pikeman
27:04 Squires
26:27 Elite Skirmisher
28:27 Fletching
32:09 Bodkin Arrow
32:25 Forging
32:23 Scale Mail Armor
32:23 Padded Archer Armor
41:51 Imperial Age
39:54 Light Cavalry
42:03 Halberdier
phanminh638i
14:39 Feudal Age
21:59 Castle Age
20:06 Double-Bit Axe
25:35 Gold Mining
25:40 Stone Mining
31:35 Imperial Age
30:53 Bow Saw
36:39 Elite Urumi Swordsman
38:53 Forging
38:34 Fletching
38:45 Scale Mail Armor
39:28 Ballistics
40:09 Chemistry
44:36 Wootz Steel
44:40 Medical Corps
47:51 Elite Skirmisher
47:54 Elite Elephant Archer
52:00 Bodkin Arrow
52:05 Padded Archer Armor
52:42 Iron Casting
kichakick98
1:59 Loom
12:43 Feudal Age
13:17 Double-Bit Axe
13:14 Fishing Lines
14:11 Wheelbarrow
17:49 Gold Mining
23:37 Castle Age
21:32 Stone Mining
24:56 Gold Shaft Mining
24:41 Hand Cart
24:12 Town Watch
24:41 Forging
24:36 Scale Barding Armor
24:44 Bow Saw
24:27 Gillnets
26:48 Husbandry
30:26 Fortified Wall
30:37 Ballistics
32:38 Caravan
35:25 Imperial Age
34:07 Chain Barding Armor
34:22 Iron Casting
35:26 Murder Holes
35:09 Light Cavalry
37:22 Chemistry
35:49 Cavalier
37:12 Iron Casting
41:37 Paladin
49:01 Chivalry
49:22 Conscription
50:09 Blast Furnace
49:44 Plate Barding Armor
erhan.kamci
2:58 Loom
12:45 Feudal Age
15:01 Double-Bit Axe
18:21 Castle Age
21:24 Stone Mining
21:16 Horse Collar
25:51 Town Watch
26:29 Heavy Plow
27:25 Gold Mining
27:59 Scale Mail Armor
29:52 Wheelbarrow
30:25 Bow Saw
30:50 Ballistics
30:31 Murder Holes
31:46 Stone Shaft Mining
31:43 Scale Barding Armor
31:54 Chain Mail Armor
34:15 Anarchy
34:24 Squires
33:47 Man-at-Arms
33:48 Pikeman
35:47 Town Patrol
36:06 Hand Cart
37:01 Forging
40:17 Imperial Age
38:58 Caravan
39:29 Coinage
39:16 Elite Skirmisher
40:24 Elite Huskarl
41:10 Perfusion
41:33 Conscription
42:20 Husbandry
42:31 Bloodlines
41:42 Light Cavalry
43:09 Iron Casting
42:56 Chain Barding Armor
42:37 Padded Archer Armor
42:27 Fletching
44:43 Halberdier
46:31 Hussar
48:45 Chemistry
47:57 Masonry
48:16 Guilds
budisimion
13:00 Feudal Age
20:55 Castle Age
21:13 Fletching
21:11 Town Watch
21:11 Horse Collar
21:19 Double-Bit Axe
29:46 Ballistics
29:41 Elite Skirmisher
33:39 Imperial Age
32:22 Fortified Wall
32:17 Padded Archer Armor
35:19 Chemistry
34:57 Bodkin Arrow
35:19 Leather Archer Armor
46:43 Ring Archer Armor
48:20 Bracer
48:23 Town Patrol
raul_ruizv
0:51 Loom
13:22 Feudal Age
14:39 Double-Bit Axe
24:05 Castle Age
22:47 Stone Mining
22:51 Gold Mining
25:07 Bow Saw
27:32 Bloodlines
27:23 Husbandry
28:52 Gold Shaft Mining
33:06 Wheelbarrow
32:57 Forging
38:39 Horse Collar
39:37 Stone Shaft Mining
38:28 Light Cavalry
39:15 Scale Barding Armor
39:46 Iron Casting
44:30 Hand Cart
49:14 Siege Engineers
49:30 Ballistics
49:58 Padded Archer Armor
50:32 Caravan
52:15 Pikeman
52:41 Gambesons
52:56 Squires
catalinpopflorin
0:29 Loom
14:56 Feudal Age
15:23 Double-Bit Axe
15:31 Gold Mining
15:24 Horse Collar
15:28 Fishing Lines
16:28 Wheelbarrow
23:40 Castle Age
25:29 Castle Age
26:03 Stone Mining
26:48 Gold Shaft Mining
26:27 Bow Saw
26:20 Heavy Plow
27:01 Gillnets
27:37 Hand Cart
27:51 Caravan
29:36 Pikeman
30:17 Squires
30:03 Arson
30:22 Scale Mail Armor
30:33 Forging
30:15 Fletching
31:28 Masonry
32:00 Fortified Wall
33:01 Crossbowman
38:11 Imperial Age
36:05 Padded Archer Armor
36:10 Scale Barding Armor
36:21 Husbandry
36:45 Ballistics
36:06 Treadmill Crane
38:01 Murder Holes
37:57 Heated Shot
37:58 Gambesons
38:36 Leather Archer Armor
39:59 Crop Rotation
40:45 Two-Man Saw
40:55 Ring Archer Armor
41:02 Iron Casting
40:39 Bodkin Arrow
41:31 Elite Elephant Archer
43:00 Chain Barding Armor
42:26 Arbalester
44:29 Architecture
43:46 Arrowslits
45:02 Siege Engineers
45:22 Bracer
46:23 Blast Furnace
46:16 Heavy Scorpion
47:38 Plate Barding Armor
48:27 Chemistry
48:01 Town Watch
47:42 Halberdier
48:43 Chain Mail Armor
50:18 Bloodlines
49:41 Siege Elephant
55:51 Elite Battle Elephant
Connection lost

Rejoining the realm…

Still unreachable

The connection could not be restored.

Session expired

The server has moved on; the page needs a fresh start.